 Dungeon Crawl Stone Soup version 0.20-a0-858-g654850e (webtiles) character file.

568 Denreik the Magician (level 7, -11/50 HPs)
             Began as a Red Draconian Venom Mage on Mar 12, 2017.
             Killed from afar by a slave (15 damage)
             ... with an exploding inner flame
             ... led by Pikel
             ... hexed by the player character
             ... on level 6 of the Dungeon.
             The game lasted 00:29:08 (4633 turns).

Denreik the Magician (Red Draconian Venom Mage)     Turns: 4633, Time: 00:29:16

Health: -11/50     AC:  6    Str:  8 (10) XL:     7   Next: 11%
Magic:  10/16      EV: 12    Int: 17      God:
Gold:   145        SH:  0    Dex: 11 (12) Spells: 3/18 levels left

rFire    + . .     SeeInvis .   i - +1 dagger (venom)
rCold    + . .     Gourm    .   (armour unavailable)
rNeg     + . .     Faith    .   (no shield)
rPois    .         Spirit   .   (helmet restricted)
rElec    .         Reflect  .   e - scarf {rC+}
rCorr    .         Harm     .   (no gloves)
MR       .....                  (no boots)
Stlth    +.........             (no amulet)
Regen    0.2/turn               w - ring of loudness
MPRegen  0.2/turn               m - ring of positive energy

@: about to teleport
A: breathe fire, unfitting armour, fire resistance 1, mutation resistance 1,
cold-blooded, MP-powered wands, AC +6
a: Breathe Fire


You were on level 6 of the Dungeon.
You were hungry.

You visited 1 branch of the dungeon, and saw 5 of its levels.

You collected 145 gold pieces.

Inventory:

Hand Weapons
 d - a +0 whip
 h - a +0 hand axe
 i - a +1 dagger of venom (weapon)
 o - a +0 falchion
Armour
 e - a scarf of cold resistance (worn)
 v - a +1 buckler
Jewellery
 g - a +2 ring of dexterity {unknown}
 m - a ring of positive energy (left hand)
 w - a ring of loudness (right hand)
Scrolls
 c - 2 scrolls of enchant weapon
 n - 4 scrolls of identify
 r - a scroll of remove curse
 u - a scroll of fog
 x - a scroll of amnesia
 y - a scroll of immolation
 B - a scroll of blinking {unknown}
Potions
 f - a potion of agility
 l - a potion of mutation
 q - 2 potions of haste {unknown}
 t - a potion of ambrosia {unknown}
Books
 a - a Young Poisoner's Handbook

   Spells                             Type                      Level
   a - Sting                          Conjuration/Poison           1
   b - Poisonous Vapours              Poison/Air                   2
   c - Mephitic Cloud                 Conjuration/Poison/Air       3
   d - Olgreb's Toxic Radiance        Poison                       4
   e - Venom Bolt                     Conjuration/Poison           5
Comestibles
 b - 2 bread rations
 j - a royal jelly
 s - a meat ration


   Skills:
 - Level 1.7 Dodging
 - Level 1.7 Stealth
 - Level 6.3 Spellcasting
 - Level 1.0 Conjurations
 * Level 1.3 Air Magic
 - Level 4.4 Poison Magic


You had 3 spell levels left.
You knew the following spells:

 Your Spells              Type           Power        Failure   Level  Hunger
a - Sting                 Conj/Pois      ##..         4%          1    None
b - Mephitic Cloud        Conj/Pois/Air  ##......     17%         3    ##.....
c - Poisonous Vapours     Pois/Air       ###...       10%         2    None
d - Olgreb's Toxic Radia  Pois           ###.....     21%         4    ####...
e - Venom Bolt            Conj/Pois      ##........   95%         5    #####..


Dungeon Overview and Level Annotations

Branches:
Dungeon (4/15)
 Temple: D:4-7

Altars:
Gozag

Annotations:
D:6 Pikel


Innate Abilities, Weirdness & Mutations

You can breathe blasts of fire.
Your fiery red scales are hard. (AC +6)
You cannot fit into any form of body armour.
Your flesh is heat resistant. (rF+)
You are cold-blooded and may be slowed by cold attacks.
You are somewhat resistant to further mutation.
You expend magic power (3 MP) to strengthen your wands.


Message History

Poisonous vapours surround the bullfrog!
The orc explodes!
The fiery explosion engulfs the ooze.
The ooze is heavily wounded.
The fiery explosion engulfs the slave.
The slave explodes!
The fiery explosion engulfs you! You resist.
* * * LOW HITPOINT WARNING * * *
The fiery explosion engulfs the ooze.
The ooze explodes!
The fiery explosion engulfs you! You resist.
* * * LOW HITPOINT WARNING * * *
The fiery explosion engulfs the slave.
The slave is almost dead.
The bullfrog is engulfed in poison gas.
The bullfrog looks even sicker.
The bullfrog misses you.
The slave is engulfed in blazing flames.
The slave explodes!
The fiery explosion engulfs you! You resist.
You die...

#.# #.# ###.### #..
#.o.p.# #.. #p#.#.# #..
#### #.#.#.# #.. #....
####§#.#.######..
#...).##§§§§#.#ZK.K.....
#.....F@§#..............
#.....##§§.##.#.........
#.... ##§#%.....#####..
.### #.#.#.###. #..
......# . #.. ##.#.#. .#
#p. #.#.## ## #.. #
#####K. #.p....


You could see a bullfrog (inner flame).

Vanquished Creatures
  A slave (D:6)
  2 ogres (D:4)
  A centaur (D:6)
  A centaur zombie (D:6)
  2 centaur skeletons
  An iguana (D:6)
  A worker ant (D:4)
  A hound skeleton (D:4)
  A howler monkey skeleton (D:4)
  6 adders
  3 oozes
  4 worms
  5 leopard geckos
  6 orcs
  15 bats
  3 giant cockroaches
  6 goblins
  8 hobgoblins
  8 jackals
  A ball python (D:2)
  2 frilled lizards (D:1)
  6 kobolds
  A quokka skeleton (D:4)
  7 rats
92 creatures vanquished.

Notes
Turn   | Place    | Note
-------+----------+-------------------------------------------
     0 | D:1      | Denreik the Draconian Venom Mage began the quest for the Orb.
     0 | D:1      | Reached XP level 1. HP: 14/14 MP: 3/3
   638 | D:1      | Reached XP level 2. HP: 20/20 MP: 0/5
  1113 | D:1      | Reached XP level 3. HP: 26/26 MP: 4/7
  1335 | D:1      | Learned a level 3 spell: Mephitic Cloud
  1416 | D:2      | Reached skill level 3 in Spellcasting
  1446 | D:2      | Learned a level 2 spell: Poisonous Vapours
  1559 | D:2      | Found an opulent altar of Gozag.
  1757 | D:2      | Reached XP level 4. HP: 33/33 MP: 8/8
  3001 | D:3      | Reached XP level 5. HP: 29/38 MP: 7/10
  3473 | D:4      | Noticed an ogre
  3495 | D:4      | Killed an ogre
  3495 | D:4      | Reached skill level 4 in Spellcasting
  3969 | D:4      | Reached skill level 5 in Spellcasting
  3969 | D:4      | Reached XP level 6. HP: 22/45 MP: 13/13
  4249 | D:4      | You fall through a shaft for 2 floors!
  4265 | D:6      | Learned a level 4 spell: Olgreb's Toxic Radiance
  4271 | D:6      | Learned a level 5 spell: Venom Bolt
  4316 | D:6      | HP: 2/45 [centaur skeleton (4)]
  4321 | D:6      | Gained mutation: You expend magic power (3 MP) to strengthen your wands. [potion of mutation]
  4321 | D:6      | Gained mutation: You are somewhat resistant to further mutation. [potion of mutation]
  4325 | D:6      | Reached skill level 6 in Spellcasting
  4331 | D:6      | Your scales start taking on a fiery red colour.
  4331 | D:6      | Reached XP level 7. HP: 13/50 MP: 11/16
  4331 | D:6      | Gained mutation: Your flesh is heat resistant. (rF+) [Red Draconian growth]
  4596 | D:6      | Noticed Pikel
  4631 | D:6      | Reached skill level 1 in Air Magic
  4633 | D:6      | Killed from afar by a slave

Vault maps used:
D:1:      dpeg_arrival_arbitrary_b
D:2:      st_stairs_12, grunt_gozag_breadcrumbs
D:4:      kennysheep_mini_moat, lemuel_doored_altar, first_bread,
          hangedman_decor_lopped
D:6:      overflow_temple_1_default, minmay_temple_entry_mist, uniq_pikel,
          uniq_edmund

Skill      XL: |  1  2  3  4  5  6  7 |
---------------+----------------------+-----
Spellcasting   | 3 5 6 |  6.3
Poison Magic   | 4 |  4.4
Air Magic      | 1 |  1.3
Dodging        | |  1.7
Stealth        | |  1.7
Conjurations   | |  1.0

Action                   |  1- 3 |  4- 6 |  7- 9 || total
-------------------------+-------+-------+-------++-------
Melee: Unarmed           |    49 |       |       ||    49
       Tailslap          |    15 |    16 |       ||    31
       Whip              |     3 |       |       ||     3
       Dagger            |    72 |   155 |     3 ||   230
 Cast: Sting             |    34 |    13 |       ||    47
       Poisonous Vapours |     3 |    16 |     3 ||    22
       Olgreb's Toxic Ra |       |     2 |     1 ||     3
  Use: Scroll            |       |     5 |     2 ||     7
       Potion            |       |     5 |       ||     5
 Stab: Sleeping          |     6 |     4 |       ||    10
  Eat: Chunk             |     3 |     9 |     1 ||    13
Armor: Skin              |    84 |    41 |     3 ||   128
Dodge: Dodged            |   140 |   108 |    16 ||   264
